 Dungeon Crawl Stone Soup version 0.16.1-18-g436b03c (webtiles) character file.

240 MiracleMan the Ruffian (level 5, 0/46 HPs)
             Began as a Troll Transmuter on May 9, 2015.
             Slain by a sky beast (5 damage)
             ... on level 4 of the Dungeon.
             The game lasted 00:04:08 (2527 turns).

MiracleMan the Ruffian (Troll Transmuter)           Turns: 2527, Time: 00:04:09

Health: 0/46       AC:  7    Str: 18    XL:     5   Next: 80%
Magic:  4/4        EV: 10    Int:  9    God:
Gold:   208        SH:  0    Dex: 11    Spells: 1 memorised, 5 levels left

rFire  + . .     SeeInvis .       - Unarmed
rCold  . . .     Clarity  .     u - +1 robe {rF+}
rNeg   . . .     SustAb   .     (shield restricted)
rPois  .         Gourm    +     (helmet restricted)
rElec  .         Spirit   .     f - +0 cloak
rCorr  .         Warding  .     (gloves unavailable)
rMut   .         Stasis   .     (boots unavailable)
MR     .....                    (no amulet)
Stlth  +.........               (no ring)
                                (no ring)

@: not resistant to hostile enchantments, very unstealthy
A: unfitting armour, claws 3, fast metabolism 3, gourmand, regeneration 2,
shaggy fur 1, tough skin 2
a: no special abilities


You were on level 4 of the Dungeon.
You were not hungry.

You visited 1 branch of the dungeon, and saw 5 of its levels.

You collected 208 gold pieces.

Inventory:

Missiles
 b - 12 arrows
 t - 14 arrows of dispersal {=f}
Armour
 c - a +0 robe
 f - a +0 cloak (worn)
   (You found it on level 1 of the Dungeon)
 u - a +1 robe of fire resistance (worn)
   (You took it off Sigmund on level 5 of the Dungeon)
Magical staves
 s - an uncursed staff of fire {unknown}
   (You found it on level 3 of the Dungeon)
Jewellery
 p - an uncursed ring of stealth {Stlth+}
   (You found it on level 3 of the Dungeon)
Scrolls
 e - a scroll of enchant armour
 g - a scroll of identify
 h - a scroll of fog
 l - a scroll of remove curse {unknown}
 q - a scroll of random uselessness {unknown}
Potions
 i - a potion of cancellation
 n - a potion of mutation {!q}
Books
 d - a book of Changes
Comestibles
 a - 2 meat rations {@e2}
 j - 2 beef jerkies
 k - 3 chunks of flesh {@w0}
 m - 2 bread rations {@e1}
 o - a royal jelly
 r - a slice of pizza


   Skills:
 - Level 0.7 Fighting
 - Level 1.5 Dodging
 + Level 6.6 Unarmed Combat
 - Level 1.2 Spellcasting
 - Level 1.3 Transmutations


You had 5 spell levels left.
You knew the following spells:

 Your Spells              Type           Power        Failure   Level  Hunger
a - Beastly Appendage     Trmt           #.....       21%         1    ##.....


Dungeon Overview and Level Annotations

Branches:
Dungeon (5/15)             Temple (0/1) D:5

Altars:
Trog


Innate Abilities, Weirdness & Mutations

You are too large for most types of armour.
You have claws for hands.
Your metabolism is lightning-fast.
You like to eat raw meat.
You heal very quickly.
You are covered in fur (AC +1).
You have very tough skin (AC +2).


Message History

You finish taking off your +0 robe.
You start putting on your armour.
You continue putting on your runed robe. x5
You finish putting on your +1 robe of fire resistance.
You feel resistant to fire.
Unknown command.
Found a staircase to the Ecumenical Temple.
Unknown command.
No target in view!
No target in view!
No target in view!
No target in view!
No target in view!
Things that are here:
a club; a whip; an orc corpse No target in view!
No target in view!
No target in view!
No target in view!
No target in view!
Number of times to repeat, then command key: You must enter the number of times for the command to repeat.
You miss the butterfly.
Unknown command.
A sky beast and an orc wizard come into view.
The orc wizard shouts!
Found a stone staircase leading up.
An orc comes into view. It is wielding a dagger.
The orc shouts!
A rat comes into view.
An orc priest comes into view. It is wielding a whip.
The orc priest shouts!
The sky beast hits you but does no damage.
Unknown command.
You scratch the sky beast but do no damage.
The sky beast hits you but does no damage.
The orc wizard closely misses you.
An adder comes into view.
You barely miss the sky beast. The sky beast hits you.
The sky beast shocks you.
You take 8 damage, and have 38/46 hp.
The sky beast closely misses you.
The orc wizard hits you but does no damage.
Unknown command.
The sky beast flickers out of sight!
Deactivating autopickup; reactivate with Ctrl-A.
Something hits you but does no damage. The rat barely misses you.
There is a stone staircase leading up here.
Unknown command.
Something hits you. Something shocks you.
You climb upwards.
A giant gecko comes into view.
Found a meat ration.
Found a stone staircase leading up.
There is a stone staircase leading down here.
You take 9 damage, and have 31/46 hp.
Unknown command.
You closely miss the orc wizard. Something hits you but does no damage.
The orc wizard misses you.
You scratch the orc wizard.
The orc wizard begins to bleed from its wounds!
Something hits you but does no damage.
The orc wizard casts a spell.
You feel troubled.
You scratch the orc wizard. Something hits you but does no damage.
The orc wizard hits you but does no damage.
You scratch the orc wizard. Something hits you. Something shocks you.
The orc wizard hits you with a dagger.
You take 10 damage, and have 23/46 hp.
MASSIVE DAMAGE!!
You scratch the orc wizard.
You kill the orc wizard!
Something hits you but does no damage. Something hits you but does no damage.
Things that are here:
a dagger; a robe Unknown command.
You closely miss something. Something hits you. Something shocks you.
You take 7 damage, and have 17/46 hp.
You completely miss something.
The giant gecko bites you but does no damage.
You barely miss something. Something hits you but does no damage.
The giant gecko bites you but does no damage.
Unknown command.
You closely miss something. Something hits you. Something shocks you.
* * * LOW HITPOINT WARNING * * *
The giant gecko bites you but does no damage.
You take 7 damage, and have 11/46 hp.
You miss something. Something hits you.
* * * LOW HITPOINT WARNING * * *
Something shocks you.
* * * LOW HITPOINT WARNING * * *
The giant gecko bites you.
* * * LOW HITPOINT WARNING * * *
Unknown command.
You take 6 damage, and have 5/46 hp.
You closely miss something. The giant gecko barely misses you.
A sky beast appears from thin air!
Reactivating autopickup.
The sky beast hits you.
You die...

.#.# # #..# #.
...# #.. #..#
#.. #..#
#...#..#
..#<..#..#
.....%.lY>####.#
........@......#
...###.........#
#.........#
#.........#
#.........#
#.........
#########


You could see a sky beast and a giant gecko.

Vanquished Creatures
  Sigmund (D:5)
  An orc priest (D:5)
  An orc wizard (D:4)
  A worker ant (D:5)
  2 adders (D:3)
  A giant mite (D:3)
  A worm (D:2)
  A giant gecko (D:1)
  An ooze (D:1)
  6 orcs
  3 giant cockroaches
  5 goblins
  8 hobgoblins
  A ball python (D:2)
  6 bats
  6 giant newts
  6 kobolds
  10 rats
61 creatures vanquished.

Notes
Turn   | Place    | Note
--------------------------------------------------------------
     0 | D:1      | MiracleMan, the Troll Transmuter, began the quest for the Orb.
     0 | D:1      | Reached XP level 1. HP: 18/18 MP: 2/2
   232 | D:1      | Reached XP level 2. HP: 26/26 MP: 2/2
   796 | D:2      | Reached skill level 4 in Unarmed Combat
   896 | D:2      | Reached XP level 3. HP: 32/32 MP: 3/3
  2063 | D:3      | Found a bloodstained altar of Trog.
  2225 | D:3      | Reached skill level 5 in Unarmed Combat
  2225 | D:3      | Reached XP level 4. HP: 40/40 MP: 4/4
  2439 | D:3      | You fall through a shaft for 2 floors!
  2439 | D:5      | Entered Level 5 of the Dungeon
  2458 | D:5      | Reached XP level 5. HP: 24/46 MP: 4/4
  2465 | D:5      | Noticed Sigmund
  2474 | D:5      | Killed Sigmund
  2474 | D:5      | Reached skill level 6 in Unarmed Combat
  2496 | D:5      | Found a staircase to the Ecumenical Temple.
  2505 | D:5      | Noticed a sky beast
  2525 | D:4      | HP: 11/46 [something (5)]
  2526 | D:4      | HP: 5/46 [giant gecko (1)]
  2527 | D:4      | Slain by a sky beast

Action                   |  1- 3 |  4- 6 || total
-------------------------+-------+-------++-------
Melee: Unarmed           |   132 |    40 ||   172
  Use: Scroll            |     5 |     3 ||     8
       Potion            |       |     1 ||     1
  Eat: Chunk             |    20 |       ||    20

Vault maps used:
D:1:      dpeg_arrival_round_b, hex_medium, nrook_loot_triangle,
          minmay_fountain_box
D:2:      kennysheep_six_static_rooms, first_bread, minmay_misc_feat_hallway,
          nicolae_underground_beach
D:3:      grunt_decor_fettered, small_statue_intersection, bloody_trog
D:4:      grunt_qazlal_clouds, old_standard_altar,
          grunt_temple_overflow_diamond, uniq_menkaure, uniq_prince_ribbit1
D:5:      minmay_temple_entry_butterflies, serial_shops, shop, uniq_edmund,
          uniq_sigmund, uniq_duvessa

Table legend:
 A = Turns spent in this place as a percentage of turns spent in the entire game.
 B = Non-inter-level travel turns spent in this place as a percentage of non-inter-level travel turns spent in the entire game.
 C = Inter-level travel turns spent in this place as a percentage of turns spent in this place.
 D = Turns resting spent in this place as a percentage of non-inter-level travel turns spent in this place.
 E = Turns spent auto-exploring this place as a percentage of non-inter-level travel turns spent in this place.
 F = Non-inter-level travel turns spent in this place divided by the number of levels of this place that you've seen.
                   A       B       C       D       E      F
               +-------+-------+-------+-------+-------+----------------------
         Total | 100.0 | 100.0 |   0.5 |   1.6 |  10.6 | 149.6
       Dungeon | 100.0 | 100.0 |   0.5 |   1.6 |  10.6 | 149.6
               +-------+-------+-------+-------+-------+----------------------

Table legend:
 A = Kills in this place as a percentage of kills in entire the game.
 B = Kills by you in this place as a percentage of kills by you in the entire game.
 C = Kills by friends in this place as a percentage of kills by friends in the entire game.
 D = Other kills in this place as a percentage of other kills in the entire game.
 E = Experience gained in this place as a percentage of experience gained in the entire game.
 F = Experience gained in this place divided by the number of levels of this place that you have seen.
                   A       B       C       D       E      F
               +-------+-------+-------+-------+-------+----------------------
         Total | 100.0 | 100.0 |  -nan |  -nan | 100.0 |  68.8
       Dungeon | 100.0 | 100.0 |  -nan |  -nan | 100.0 |  68.8
               +-------+-------+-------+-------+-------+----------------------
